 Dungeon Crawl Stone Soup version 0.18.1-50-g88ac8fd (webtiles) character file.

9542 preemptive the Cleaver (level 11, -7/101 HPs)
             Began as a Minotaur Fighter on May 14, 2017.
             Was an Elder of Qazlal.
             Mangled by an eight-headed hydra (11 damage)
             ... on level 2 of the Lair of Beasts.
             The game lasted 00:41:48 (11368 turns).

preemptive the Cleaver (Minotaur Fighter)          Turns: 11368, Time: 00:41:49

Health: -7/101     AC: 11    Str: 24    XL:     11   Next: 24%
Magic:  10/10      EV: 13    Int: 10    God:    Qazlal [****..]
Gold:   374        SH: 16    Dex: 15    Spells: 1 memorised, 5 levels left

rFire  . . .     SeeInvis .     d - +1 broad axe (elec)
rCold  . . .     Gourm    .     b - +0 scale mail
rNeg   . . .     Faith    .     c - +0 shield
rPois  .         Spirit   .     (helmet restricted)
rElec  .         Dismiss  .     (no cloak)
rCorr  .         Reflect  .     z - +2 pair of gloves
SustAt .         Harm     .     (no boots)
MR     +....                    y - amulet of magic regeneration
Stlth  +.........               v - +1 ring of slaying
                                p - ring of protection from magic

@: brilliant, agile, very slightly contaminated, repel missiles, invisible,
somewhat resistant to hostile enchantments, very unstealthy
A: retaliatory headbutt, horns 2
a: Upheaval, Elemental Force, Renounce Religion


You were on level 2 of the Lair of Beasts.
You worshipped Qazlal.
Qazlal was greatly pleased with you.
You were not hungry.

You visited 2 branches of the dungeon, and saw 12 of its levels.

You collected 374 gold pieces.

Inventory:

Hand Weapons
 a - a +1 war axe
 d - a +1 broad axe of electrocution (weapon)
Armour
 b - a +0 scale mail (worn)
 c - a +0 shield (worn)
 z - a +2 pair of gloves (worn)
 L - the -4 pair of boots of the Wilderness {Dex+2 Stlth+}
   (You found it on level 1 of the Lair of Beasts)

   It affects your dexterity (+2).
   It makes you more stealthy.
Jewellery
 p - a ring of protection from magic (left hand)
 v - a +1 ring of slaying (right hand)
 y - an amulet of magic regeneration (around neck)
 A - an uncursed ring of protection from fire
Wands
 E - a wand of flame (12/48)
 F - a wand of slowing (21/48)
 H - a wand of polymorph (14/24)
 J - a wand of flame (29/48)
 N - a wand of paralysis (12/24)
Scrolls
 e - 2 scrolls of recharging
 j - 2 scrolls of noise
 k - a scroll of enchant weapon
 l - 3 scrolls of fog
 w - 3 scrolls of remove curse
 x - 2 scrolls of fear {unknown}
 G - 5 scrolls of identify
 I - 2 scrolls of magic mapping
 M - a scroll of enchant armour {unknown}
 O - 2 scrolls of immolation {unknown}
Potions
 h - a potion of cure mutation
 i - 2 potions of flight
 s - a potion of resistance {unknown}
 t - a potion of invisibility
 u - a potion of magic {unknown}
 K - a potion of agility
Books
 m - a book of Conjurations

   Spells                             Type                      Level
   a - Magic Dart                     Conjuration                  1
   b - Searing Ray                    Conjuration                  2
   c - Dazzling Spray                 Conjuration/Hexes            3
   d - Fulminant Prism                Conjuration/Hexes            4
   e - Iskenderun's Mystic Blast      Conjuration                  4
   f - Iskenderun's Battlesphere      Conjuration/Charms           5
 D - a book of the Tempests

   Spells                             Type                      Level
   a - Static Discharge               Conjuration/Air              3
   b - Lightning Bolt                 Conjuration/Air              5
   c - Fireball                       Conjuration/Fire             5
   d - Tornado                        Air                          9
   e - Shatter                        Earth                        9
Comestibles
 f - 7 bread rations
 g - 6 meat rations
 n - 2 slices of pizza
 r - 2 royal jellies
 B - 2 beef jerkies
 C - 4 fruits


   Skills:
 + Level 10.4 Fighting
 * Level 14.2 Axes
 - Level 8.5 Armour
 - Level 7.2 Shields
 + Level 3.7 Conjurations


You had 5 spell levels left.
You knew the following spells:

 Your Spells              Type           Power        Failure   Level  Hunger
a - Iskenderun's Battles  Conj/Chrm      #.......     98%         5    ######.


Dungeon Overview and Level Annotations

Branches:
Dungeon (10/15)            Temple (0/1) D:6            Lair (2/8) D:10
    Orc: D:9-12

Altars:
Cheibriados
Dithmenos
Fedhas
Gozag
Kikubaaqudgha
Okawaru
Qazlal
Ru
Sif Muna
Vehumet


Innate Abilities, Weirdness & Mutations

You reflexively headbutt those who attack you in melee.
You have a pair of horns on your head.


Message History

The griffon bites you but does no damage.
The griffon completely misses you. You block the griffon's attack.
You are very lightly contaminated with residual magic.
Drink which item? (? for menu, Esc to quit)
It was a potion of agility.
You feel agile all of a sudden. You block the griffon's attack. x2
The griffon claws you but does no damage.
You barely miss the griffon. You headbutt the griffon.
You kill the griffon!
Qazlal accepts your kill.
Drink which item? (? for menu, Esc to quit)
It was a potion of cure mutation.
It has a very clean taste.
Drink which item? (? for menu, Esc to quit)
It was a potion of brilliance.
You feel clever all of a sudden.
The eight-headed hydra closely misses you.
You furiously retaliate!
You headbutt the eight-headed hydra. The eight-headed hydra bites you!
You die...

### #### ##.# #P.# ##..#
#.. #.## #...# #.# ##tD##
#...# ##.# #P.#@# #..##
..# ##D#######.# ##.###
#.........####P.#.##
######.###..#..##.#...#..
##(..#P.#
####............
...(....# ##.####..#.#.
........# #.# #####..
#.####..# ##.# #.. #
##.######..## #..


You could see an eight-headed hydra and a crocodile.

Vanquished Creatures
  Erolcha (D:8)
  An ugly thing (D:10)
  A griffon (Lair:2)
  A black mamba (Lair:1)
  A gargoyle (D:8)
  A spiny frog (Lair:2)
  A komodo dragon (Lair:2)
  2 slime creatures (D:9)
  4 blink frogs (Lair:1)
  A spriggan (D:8)
  4 yaks
  5 hippogriffs
  4 water moccasins
  3 porcupines
  2 orc warriors
  3 sky beasts
  3 ice beasts
  A black bear (D:10)
  2 centaurs
  3 ogres
  3 crocodiles
  8 giant frogs
  A gnoll sergeant (D:7)
  A scorpion (D:9)
  A water moccasin skeleton (D:7)
  9 killer bees
  5 crimson imps
  3 orc priests (D:4)
  A centaur zombie (D:5)
  2 giant frog skeletons (D:4)
  A gnoll shaman (D:8)
  A hound (D:9)
  6 orc wizards
  A centaur skeleton (D:4)
  4 worker ants
  An iguana (D:7)
  A worker ant zombie (D:7)
  5 river rats (Lair:1)
  9 adders
  18 gnolls
  4 shadow imps
  An ooze (D:5)
  3 worms
  A dart slug (D:3)
  11 giant geckos
  29 orcs
  3 giant cockroaches
  12 goblins
  4 hobgoblins
  13 jackals
  11 kobolds
  A ball python (D:7)
  10 bats
  3 giant newts
  2 jackal skeletons
  A quokka skeleton (D:8)
  8 rats
  4 fungi
246 creatures vanquished.

Vanquished Creatures (others)
  4 fungi
  3 plants
7 creatures vanquished.

Grand Total: 253 creatures vanquished

Notes
Turn   | Place    | Note
--------------------------------------------------------------
     0 | D:1      | preemptive the Minotaur Fighter began the quest for the Orb.
     0 | D:1      | Reached XP level 1. HP: 19/19 MP: 0/0
   116 | D:1      | Reached XP level 2. HP: 14/27 MP: 1/1
   185 | D:1      | Reached skill level 3 in Axes
   846 | D:2      | Reached XP level 3. HP: 26/33 MP: 2/2
  1262 | D:2      | Reached skill level 4 in Axes
  1262 | D:2      | Reached XP level 4. HP: 24/40 MP: 3/3
  2212 | D:3      | Reached XP level 5. HP: 47/47 MP: 4/4
  2304 | D:3      | Found a stormy altar of Qazlal.
  2305 | D:3      | Found an iron altar of Okawaru.
  2314 | D:3      | Became a worshipper of Qazlal Stormbringer
  3085 | D:4      | Reached skill level 5 in Axes
  3156 | D:4      | Reached skill level 5 in Armour
  3259 | D:4      | Reached skill level 5 in Fighting
  3259 | D:4      | Reached XP level 6. HP: 46/56 MP: 5/5
  3325 | D:4      | Reached * piety under Qazlal
  3455 | D:4      | Reached skill level 6 in Axes
  3512 | D:4      | Found a deep blue altar of Sif Muna.
  3893 | D:5      | Entered Level 5 of the Dungeon
  4025 | D:5      | Found an opulent altar of Gozag.
  4325 | D:5      | Noticed a water moccasin
  4329 | D:5      | Killed a water moccasin
  4329 | D:5      | Reached skill level 7 in Axes
  4329 | D:5      | Reached XP level 7. HP: 61/61 MP: 6/6
  4975 | D:6      | HP: 3/62 [orc warrior/broad axe of electrocution (20)]
  5307 | D:6      | Found a radiant altar of Vehumet.
  5330 | D:6      | Found a staircase to the Ecumenical Temple.
  5690 | D:6      | Learned a level 5 spell: Iskenderun's Battlesphere
  5891 | D:7      | Reached skill level 8 in Axes
  5912 | D:7      | Reached ** piety under Qazlal
  5912 | D:7      | Reached XP level 8. HP: 52/71 MP: 7/7
  6196 | D:7      | Reached skill level 9 in Axes
  6708 | D:8      | Noticed a gargoyle
  6873 | D:8      | Killed a gargoyle
  6873 | D:8      | Reached skill level 10 in Axes
  6989 | D:7      | Reached XP level 9. HP: 45/80 MP: 8/8
  7317 | D:8      | Noticed Erolcha
  7329 | D:8      | Killed Erolcha
  7329 | D:8      | Reached skill level 11 in Axes
  7573 | D:8      | Found an ancient bone altar of Kikubaaqudgha.
  7577 | D:8      | Found a shadowy altar of Dithmenos.
  7650 | D:8      | Reached *** piety under Qazlal
  7697 | D:8      | Found a sacrificial altar of Ru.
  7925 | D:8      | Found a snail-covered altar of Cheibriados.
  7927 | D:8      | Found a blossoming altar of Fedhas.
  8186 | D:9      | Reached skill level 5 in Shields
  8845 | D:9      | Reached XP level 10. HP: 90/90 MP: 9/9
  8874 | D:9      | Reached skill level 12 in Axes
  9113 | D:9      | Reached skill level 1 in Conjurations
  9384 | D:10     | Entered Level 10 of the Dungeon
  9509 | D:10     | Noticed a purple ugly thing
  9524 | D:10     | Killed a purple ugly thing
  9723 | D:10     | Found a staircase to the Lair.
  9861 | D:10     | Reached skill level 13 in Axes
 10166 | Lair:1   | Entered Level 1 of the Lair of Beasts
 10181 | Lair:1   | Reached **** piety under Qazlal
 10274 | Lair:1   | Noticed a black mamba
 10285 | Lair:1   | Killed a black mamba
 10285 | Lair:1   | Reached skill level 10 in Fighting
 10455 | Lair:1   | Reached XP level 11. HP: 90/99 MP: 10/10
 10495 | Lair:1   | Got a pair of faintly glowing boots
 10496 | Lair:1   | Identified the -4 pair of boots of the Wilderness {Dex+2 Stlth+} (You found it on level 1 of the Lair of Beasts)
 11119 | Lair:2   | Reached skill level 14 in Axes
 11294 | Lair:2   | Noticed a six-headed hydra
 11302 | Lair:2   | Noticed a griffon
 11343 | Lair:2   | HP: 5/101 [crocodile (4)]
 11359 | Lair:2   | HP: 4/101 [griffon (5)]
 11366 | Lair:2   | Killed a griffon
 11368 | Lair:2   | Mangled by an eight-headed hydra

Skill      XL: |  1  2  3  4  5  6  7  8  9 10 11 |
---------------+----------------------------------+-----
Axes           | 3 4 5 7 8 10 11 13 14 | 14.2
Armour         | 4 5 6 7 8 |  8.5
Fighting       | 4 5 6 7 8 10 | 10.4
Shields        | 7 |  7.2
Conjurations   | 3 |  3.7

Action                   |  1- 3 |  4- 6 |  7- 9 | 10-12 || total
-------------------------+-------+-------+-------+-------++-------
Melee: War axe           |   114 |   157 |    22 |       ||   293
       Headbutt          |    10 |    28 |    39 |    27 ||   104
       Broad axe         |       |       |   181 |   127 ||   308
  Use: Scroll            |       |     3 |     8 |     2 ||    13
       Potion            |       |       |     3 |     6 ||     9
  Eat: Chunk             |     1 |     5 |     6 |       ||    12
       Meat ration       |       |     1 |       |     2 ||     3
       Bread ration      |       |       |     2 |       ||     2
Armor: Scale mail        |    99 |    58 |    72 |    48 ||   277
Dodge: Dodged            |    52 |    44 |    55 |    27 ||   178
Block: Shield            |    76 |    84 |   144 |   127 ||   431
